 Dungeon Crawl Stone Soup version 0.19.0-9-gfd783f2 (webtiles) character file.

2088 mistymad the Ruffian (level 9, -2/70 HPs)
             Began as a Naga Transmuter on Nov 7, 2016.
             Slain by a yak (4 damage)
             ... on level 6 of the Dungeon.
             The game lasted 00:19:44 (7741 turns).

mistymad the Ruffian (Naga Transmuter)              Turns: 7741, Time: 00:19:44

Health: -2/70      AC:  2    Str: 16    XL:     9   Next: 27%
Magic:  12/17      EV: 19    Int: 16    God:
Gold:   468        SH:  0    Dex: 17    Spells: 4 memorised, 8 levels left

rFire  . . .     SeeInvis +       - Unarmed
rCold  . . .     Gourm    .     (armour currently unavailable)
rNeg   + . .     Faith    .     (shield currently unavailable)
rPois  x         Spirit   .     (helmet currently unavailable)
rElec  .         Reflect  .     (cloak currently unavailable)
rCorr  .         Harm     .     (gloves currently unavailable)
MR     +....                    (no barding)
Stlth  ++........               (no amulet)
                                s - +3 ring of strength
                                D - ring of positive energy

@: spider-form
A: see invisible, (deformed body), (poison resistance), (slowness 0), slow
metabolism 1, spit poison 1, AC +3
a: Spit Poison, End Transformation


You were on level 6 of the Dungeon.
You were hungry.
You were a venomous arachnid creature.
You visited 2 branches of the dungeon, and saw 7 of its levels.
You also visited: Ossuary.

You collected 468 gold pieces.

Inventory:

Missiles
 a - 62 arrows
 i - 2 throwing nets (quivered)
Armour
 b - a +0 robe (melded)
 v - a +1 pair of gloves of archery (melded)
 y - a +1 naga barding (melded)
 A - a +0 helmet (melded)
Jewellery
 q - an uncursed ring of protection from cold
 s - a +3 ring of strength (right front leg)
 C - an uncursed ring of positive energy
 D - a ring of positive energy (left front leg)
Wands
 o - a wand of acid (7/15)
 z - a wand of teleportation (6/9)
 H - a wand of paralysis (13/24)
 I - a wand of confusion (32/48)
Scrolls
 k - 2 scrolls of magic mapping
 n - 2 scrolls of blinking
 u - 4 scrolls of remove curse
 w - 4 scrolls of fog
 x - a scroll of enchant weapon
 K - 2 scrolls of teleportation
Potions
 e - 2 potions of lignification
 g - a potion of magic {unknown}
 h - 3 potions of haste
 m - a potion of beneficial mutation {unknown}
 r - a potion of mutation {unknown}
 t - 4 potions of brilliance
 E - a potion of degeneration {unknown}
 G - 5 potions of curing
 J - a potion of cure mutation {unknown}
 L - 2 potions of agility
Books
 c - a book of Changes

   Spells                             Type                      Level
   a - Beastly Appendage              Transmutation                1
   b - Sticks to Snakes               Transmutation                2
   c - Spider Form                    Transmutation/Poison         3
   d - Ice Form                       Ice/Transmutation            4
   e - Blade Hands                    Transmutation                5
Comestibles
 d - 5 bread rations
 f - 2 slices of pizza
 j - 2 beef jerkies
 l - 3 meat rations
 p - 3 fruits
 B - 7 chunks of flesh


   Skills:
 - Level 1.0 Fighting
 - Level 1.5 Dodging
 + Level 7.9 Unarmed Combat
 + Level 5.6 Spellcasting
 + Level 7.7 Transmutations


You had 8 spell levels left.
You knew the following spells:

 Your Spells              Type           Power        Failure   Level  Hunger
a - Beastly Appendage     Tmut           ####..       4%          1    None
b - Sticks to Snakes      Tmut           ####....     4%          2    #......
c - Spider Form           Tmut/Pois      ###.......   28%         3    ##.....
d - Blade Hands           Tmut           ####......   36%         5    ######.


Dungeon Overview and Level Annotations

Branches:
Dungeon (6/15)             Temple (1/1) D:4

Altars:
Dithmenos
Elyvilon
Gozag
Hepliaklqana
Kikubaaqudgha
Makhleb
Nemelex Xobeh
Okawaru
Qazlal
Ru
Sif Muna
Uskayaw
Vehumet
Xom
Zin
The Shining One


Innate Abilities, Weirdness & Mutations

You cannot wear boots.
((Your serpentine skin is tough. (AC +3)))
You have supernaturally acute eyesight. (SInv)
((Armour fits poorly on your strangely shaped body.))
((Your system is resistant to poisons. (rPois)))
((You cover ground very slowly.))
You have a slow metabolism.
You can spit poison.


Message History

Your +1 naga barding unmelds from your body.
Your +0 robe unmelds from your body.
You feel that your aim is more steady.
Okay, then.
The yak gores you!
* * * LOW HITPOINT WARNING * * *
You take 9 damage, and have 1/70 hp.
Casting: Spider Form
Confirm with . or Enter, or press ? or * to list all spells.
You create a snake!
You now have 62 arrows.
The yak gores you but does no damage.
You now have 15/17 mp.
Casting: Sticks to Snakes
Confirm with . or Enter, or press ? or * to list all spells.
You turn into a venomous arachnid creature.
Your +0 helmet melds into your body.
Your +1 pair of gloves of archery melds into your body.
Your +1 naga barding melds into your body.
Your +0 robe melds into your body.
Your aim is not that steady anymore.
Your ball python barely misses the yak.
The yak gores you.
You die...

*,,,,,,.#####.....######.##.#
*******,,,*** ##...## #.##># ,..#
*,,,* ##.## #.##.# *#.# *#.#* #.#
#.##.. #.# #.######## #.# #.###.
#.# #....†...###'## #.###. ##.#
#.######S##...## #..... ##.#
#.#### #Y#.....## #..... ##.#
#....# #.s......## #..##.
##.#####....###.........####.....
..............'..>......'........
########....###..........###.....
# #................#...#..##. #
#.###.##.##................ #.#
#.##.###...#._..._.###.
#.###.##.# ##'#.÷.......##.
#.....##.# #......8....##.


You could see a yak and a friendly ball python.

Vanquished Creatures
  3 yaks (D:6)
  Eustachio (D:6)
  An orc warrior (D:6)
  A phantom (D:6)
  2 centaurs
  4 bullfrogs (D:6)
  2 scorpions
  3 howler monkeys
  3 crimson imps (D:5)
  A hound (D:6)
  A jelly (D:6)
  A bullfrog skeleton (D:6)
  An orc priest (D:6)
  2 orc wizards
  A worker ant (D:5)
  5 mummies (Ossuary)
  9 adders
  A shadow imp (D:5)
  3 oozes
  2 worms
  2 dart slugs
  3 leopard geckos
  7 orcs
  7 bats
  13 giant cockroaches
  A gnoll zombie (D:6)
  8 goblins
  4 hobgoblins
  2 jackals (D:3)
  9 kobolds
  6 quokkas
  3 ball pythons
  6 frilled lizards
  3 jackal zombies
  3 kobold zombies (Ossuary)
  An orc zombie (Ossuary)
  7 rats
132 creatures vanquished.

Vanquished Creatures (collateral kills)
  A wyvern (D:6)
  3 mummies (Ossuary)
  2 gnoll zombies (Ossuary)
  A hobgoblin zombie (Ossuary)
  A kobold zombie (Ossuary)
8 creatures vanquished.

Grand Total: 140 creatures vanquished

Notes
Turn   | Place    | Note
-------+----------+-------------------------------------------
     0 | D:1      | mistymad the Naga Transmuter began the quest for the Orb.
     0 | D:1      | Reached XP level 1. HP: 18/18 MP: 3/3
   739 | D:1      | Reached XP level 2. HP: 13/25 MP: 3/5
  1259 | D:1      | Learned a level 2 spell: Sticks to Snakes
  1896 | D:2      | Reached XP level 3. HP: 11/31 MP: 6/6
  1901 | D:2      | Learned a level 3 spell: Spider Form
  2839 | D:3      | Reached XP level 4. HP: 38/38 MP: 3/7
  3573 | D:3      | Reached XP level 5. HP: 39/44 MP: 2/9
  3584 | D:3      | Found a glowing silver altar of Zin.
  3584 | D:3      | Noticed an angel
  3847 | D:4      | Found a sparkling altar of Nemelex Xobeh.
  3923 | D:4      | Reached XP level 6. HP: 44/51 MP: 6/10
  3946 | D:4      | Found a staircase to the Ecumenical Temple.
  4028 | Temple   | Entered the Ecumenical Temple
  4970 | D:5      | Entered Level 5 of the Dungeon
  5263 | D:5      | Reached skill level 5 in Unarmed Combat
  5633 | D:5      | Reached skill level 5 in Transmutations
  5633 | D:5      | Reached XP level 7. HP: 24/57 MP: 7/11
  6290 | D:6      | Found a sand-covered staircase.
  6290 | D:6      | Noticed Eustachio
  6693 | D:6      | Killed Eustachio
  6693 | D:6      | Reached XP level 8. HP: 59/64 MP: 9/13
  6748 | Ossuary  | Entered an ossuary
  7229 | D:6      | Noticed a wyvern
  7239 | D:6      | Killed a wyvern
  7548 | D:6      | Found a hide-covered altar of Uskayaw.
  7563 | D:6      | Reached skill level 5 in Spellcasting
  7582 | D:6      | Found a radiant altar of Vehumet.
  7584 | D:6      | Found a stormy altar of Qazlal.
  7611 | D:6      | Learned a level 5 spell: Blade Hands
  7617 | D:6      | Reached XP level 9. HP: 57/70 MP: 4/16
  7737 | D:6      | HP: 1/70 [yak (9)]
  7741 | D:6      | Slain by a yak

Skill      XL: |  1  2  3  4  5  6  7  8 |
---------------+-------------------------+-----
Transmutations | 3 4 5 6 7 |  7.7
Unarmed Combat | 4 5 6 7 |  7.9
Spellcasting   | 3 5 |  5.6
Fighting       | |  1.0
Dodging        | |  1.5

Action                   |  1- 3 |  4- 6 |  7- 9 || total
-------------------------+-------+-------+-------++-------
Melee: Unarmed           |   151 |   128 |   216 ||   495
       Headbutt          |     2 |       |       ||     2
       Punch             |     1 |     1 |     1 ||     3
 Cast: Beastly Appendage |     7 |       |       ||     7
       Spider Form       |     4 |    15 |    24 ||    43
       Sticks to Snakes  |       |       |     9 ||     9
 Abil: Spit Poison       |    30 |    13 |     2 ||    45
  Use: Scroll            |     8 |       |    11 ||    19
 Stab: Sleeping          |       |       |     1 ||     1
       Distracted        |       |       |     2 ||     2
  Eat: Chunk             |     7 |     7 |     9 ||    23
       Fruit             |       |     1 |     1 ||     2
       Royal jelly       |       |     1 |       ||     1
Armor: Robe              |    46 |    27 |    20 ||    93
       Skin              |       |    10 |     6 ||    16
Dodge: Dodged            |    71 |    86 |   163 ||   320
